 Dungeon Crawl Stone Soup version 0.29.0-4-gdea44cf6ec (webtiles) character file.

Game seed: 3546821602729465651

59 qw the Chopper (level 4, -2/26 HPs)
             Began as a Tengu Warper on Aug 28, 2022.
             Slain by a gnoll
             ... wielding a +0 spear
              (3 damage)
             ... on level 2 of the Dungeon.
             The game lasted 00:00:08 (941 turns).

qw the Chopper (Tengu Warper)                        Turns: 941, Time: 00:00:09

Health: -2/26      AC:  6    Str: 13    XL:     4   Next: 3%
Magic:  8/8        EV: 12    Int: 18    God:
Gold:   52         SH:  0    Dex: 14    Spells: 7/7 levels left

rFire   . . .      SeeInvis .   Y - +0 hand axe
rCold   . . .      Faith    .   (no shield)
rNeg    + . .      Spirit   .   b - +0 leather armour
rPois   .          Reflect  .   (helmet restricted)
rElec   .          Harm     .   (no cloak)
rCorr   .          Rampage  .   a - +2 pair of gloves "Kaimoem" {rN+ Int+5}
Will    .....                   (boots unavailable)
Stlth   +.........              g - amulet of the acrobat
HPRegen 0.08/turn               (no ring)
MPRegen 0.11/turn               (no ring)

@: no status effects
A: beak, talons 3
a: no special abilities


You were on level 2 of the Dungeon.
You visited 1 branch of the dungeon, and saw 2 of its levels.

You collected 112 gold pieces.
You spent 60 gold pieces at shops.


Innate Abilities, Weirdness & Mutations

You have a beak for a mouth.
You have claws for feet.


   Skills:
 - Level 2.0 Fighting
 + Level 4.6 Axes
 - Level 1.0 Throwing
 - Level 1.1 Armour
 - Level 2.1 Dodging
 - Level 2.0 Spellcasting
 - Level 2.4 Translocations


You had 7 spell levels left.
You didn't know any spells.
Your spell library contained the following spells:

 Spells                   Type           Power      Damage    Failure   Level
 Blink                    Tloc           20%        N/A       13%         2
 Gell's Gravitas          Tloc           10%        N/A       26%         3
 Lesser Beckoning         Tloc           10%        N/A       26%         3
 Teleport Other           Tloc           10%        N/A       26%         3
 Manifold Assault         Tloc           10%        N/A       94%         5

Inventory:

Hand Weapons
 k - a +0 mace
 Y - a +0 hand axe (weapon)
Armour
 a - the +2 pair of gloves "Kaimoem" (worn) {rN+ Int+5}
   (You acquired it on level 1 of the Dungeon)

   Int:       It affects your intelligence (+5).
   rN:        It protects you from negative energy.
 b - a +0 leather armour (worn)
Jewellery
 g - an amulet of the acrobat (around neck)
Scrolls
 j - a scroll of identify
Potions
 f - 3 potions of curing
 h - a potion of might

Dungeon Overview and Level Annotations

Branches:
Dungeon (2/15)

Altars:

Shops:
D:1 ?


Message History

The gnoll is severely wounded.
The gnoll hits you from afar with a +0 spear.
The gnoll closely misses you.
You slash the gnoll!
You kill the gnoll!
A gnoll comes into view. It is wielding a +0 spear.
The gnoll closely misses you.
The gnoll shouts!
You hear a shout!
The gnoll misses you.
A gnoll comes into view. It is wielding a +0 flail.
You hit the gnoll but do no damage. You peck the gnoll.
The gnoll is lightly wounded.
The gnoll hits you with a +0 spear.
You hit the gnoll. You claw the gnoll.
The gnoll is heavily wounded.
The gnoll barely misses you. The gnoll hits you but does no damage.
You barely miss the gnoll. You claw the gnoll.
You peck the gnoll, but do no damage.
The gnoll is almost dead.
The gnoll misses you. x2
You hit the gnoll but do no damage. Your kick misses the gnoll.
The gnoll is almost dead.
You closely miss the gnoll. The gnoll hits you but does no damage.
The gnoll misses you. The gnoll hits you with a +0 flail.
You hit the gnoll.
You kill the gnoll!
You hit the gnoll but do no damage. The gnoll hits you but does no damage.
The gnoll hits you with a +0 flail.
You have reached level 4!
You feel agile.
You closely miss the gnoll. Your peck misses the gnoll.
The gnoll hits you from afar with a +0 spear.
The gnoll hits you but does no damage. The gnoll hits you with a +0 flail.
The gnoll hits you from afar with a +0 spear.
You barely miss the gnoll. The gnoll closely misses you. x2
You hit the gnoll. You peck the gnoll, but do no damage.
The gnoll is moderately wounded.
The gnoll hits you from afar with a +0 spear.
You die...

..............
##
#...)...######
.. ..###...# ##.
##...### ..
##..#...####
#.##
#..#..#.....
#.g#
##.#..#######
##g)####..#.##
##..@........#
.##....)......##
#..............#
#..##..........#
#. #..........#
# #..........#
#.......>..#
#####.###### ..#


You could see 2 gnolls.

Vanquished Creatures
  2 gnolls (D:2)
  2 worms (D:2)
  2 dart slugs
  4 bats (D:1)
  2 endoplasms (D:1)
  A giant cockroach (D:1)
  6 goblins (D:1)
  3 hobgoblins
  2 kobolds (D:1)
  A ball python (D:2)
  2 frilled lizards (D:1)
  2 rats (D:1)
29 creatures vanquished.

Notes
Turn   | Place    | Note
-------+----------+-------------------------------------------
     0 | D:1      | qw the Tengu Warper began the quest for the Orb.
     0 | D:1      | Reached XP level 1. HP: 12/12 MP: 4/4
     0 | D:1      | 0 ||| qw: Version: 0.1-a-89-g26bdef1
     0 | D:1      | 0 ||| qw: Game counter: 252
     0 | D:1      | 0 ||| qw: Always use a shield: true
     0 | D:1      | 0 ||| qw: God list: Okawaru
     0 | D:1      | 0 ||| qw: Allow faded altars: false
     0 | D:1      | 0 ||| qw: Do Orc after D:15 true
     0 | D:1      | 0 ||| qw: Do second Lair branch before Depths: true
     0 | D:1      | 0 ||| qw: Lair rune preference: random
     0 | D:1      | 0 ||| qw: Plans: Normal
     0 | D:1      | 0 ||| PLANNING D:1-11
    61 | D:1      | 61 ||| Stepping ~*~*~tactically~*~*~ (stealth).
    63 | D:1      | 63 ||| Stepping ~*~*~tactically~*~*~ (hiding).
   156 | D:1      | Reached skill level 3 in Axes
   156 | D:1      | Reached XP level 2. HP: 17/17 MP: 6/6
   156 | D:1      | 156 ||| DROPPING +0 club.
   389 | D:1      | Found Piphus's Magic Scroll Boutique.
   392 | D:1      | 392 ||| SHOPLISTING scroll of brand weapon (95 gold, have
                  | 74).
   392 | D:1      | 392 ||| BUYING scroll of identify (20 gold).
   392 | D:1      | Bought a scroll of identify for 20 gold pieces
   392 | D:1      | 392 ||| BUYING scroll of identify (20 gold).
   392 | D:1      | Bought a scroll of identify for 20 gold pieces
   392 | D:1      | 392 ||| BUYING scroll of identify (20 gold).
   392 | D:1      | Bought a scroll of identify for 20 gold pieces
   392 | D:1      | 392 ||| SHOPLISTING scroll of teleportation (30 gold, have
                  | 14).
   403 | D:1      | 403 ||| Stepping ~*~*~tactically~*~*~ (stealth).
   406 | D:1      | 406 ||| Stepping ~*~*~tactically~*~*~ (stealth).
   417 | D:1      | Reached XP level 3. HP: 18/21 MP: 7/7
   531 | D:1      | Found a faded altar of an unknown god.
   776 | D:1      | 776 ||| UPGRADING to amulet of the acrobat.
   781 | D:1      | 781 ||| READING scroll labelled WENNIWUPLI.
   786 | D:1      | 786 ||| READING scroll labelled VEUBA EKHOYG.
   786 | D:1      | Identified a scroll of acquirement
   786 | D:1      | 786 ||| ACQUIRING +2 pair of gloves "Kaimoem" {rN+ Int+5}
   786 | D:1      | Acquired the +2 pair of gloves "Kaimoem" {rN+ Int+5}
   788 | D:1      | 788 ||| UPGRADING to +2 pair of gloves "Kaimoem" {rN+
                  | Int+5}.
   793 | D:1      | 793 ||| DRINKING 4 red potions.
   794 | D:1      | 794 ||| DRINKING 2 fizzy emerald potions.
   795 | D:1      | 795 ||| READING 4 scrolls of identify.
   795 | D:1      | 795 ||| IDENTIFYING fizzy dark potion
   796 | D:1      | 796 ||| READING 3 scrolls of identify.
   796 | D:1      | 796 ||| IDENTIFYING green potion
   797 | D:1      | 797 ||| READING 2 scrolls of identify.
   797 | D:1      | 797 ||| IDENTIFYING fizzy white potion
   798 | D:1      | 798 ||| DROPPING scroll of blinking.
   799 | D:1      | 799 ||| DROPPING potion of lignification.
   800 | D:1      | 800 ||| DROPPING potion of berserk rage.
   801 | D:1      | 801 ||| DROPPING potion of invisibility.
   849 | D:2      | Reached skill level 4 in Axes
   938 | D:2      | HP: 5/21 [gnoll/+0 flail (3)]
   939 | D:2      | Reached XP level 4. HP: 6/26 MP: 8/8
   939 | D:2      | HP: 1/26 [gnoll/+0 spear (3)]
   941 | D:2      | Slain by a gnoll

Levels and vault maps discovered:
D:1:      dpeg_arrival_castle, layout_rooms,
          shapermc_ecumenical_altar_flowoftime, serial_shops,
          nicolae_shop_behind_doors, dreamdust_wishing_well,
          minmay_misc_feat_room
D:2:      layout_rooms, serial_park_tiny_1, minivault_11

Skill      XL: |  1  2  3 |
---------------+----------+-----
Axes           | 3 4 |  4.6
Fighting       | |  2.0
Throwing       | |  1.0
Armour         | |  1.1
Dodging        | |  2.1
Spellcasting   | |  2.0
Translocations | |  2.4

Action                   |  1- 3 |  4- 6 || total
-------------------------+-------+-------++-------
Melee: Hand axe          |    67 |     3 ||    70
       Kick              |    16 |       ||    16
       Peck              |     8 |     1 ||     9
Throw: Boomerang         |     7 |       ||     7
  Use: Scroll            |     5 |       ||     5
       Potion            |     2 |       ||     2
Armor: Leather armour    |    15 |     1 ||    16
Dodge: Dodged            |    33 |     2 ||    35

Table legend:
 A = Non-vault XP
 B = Vault XP
 C = Vault XP percentage of total XP
 D = Non-vault monster count
 E = Vault monster count
 F = Vault count percentage of total count
                 A         B        C        D         E       F
            +---------+---------+-------+---------+---------+-------
      Total |      85 |       0 |   0.0 |      29 |       0 |   0.0
            +---------+---------+-------+---------+---------+-------
        D:1 |      40 |       0 |   0.0 |      22 |       0 |   0.0
        D:2 |      45 |       0 |   0.0 |       7 |       0 |   0.0
            +---------+---------+-------+---------+---------+-------
